 Dungeon Crawl Stone Soup version 0.28.0-53-g5a82cb258f (webtiles) character file.

Game seed: 4408952973150291393

652 dranuc9 the Conjurer (level 7, -1/36 HPs)
             Began as a Deep Elf Conjurer on June 26, 2022.
             Was an Initiate of Vehumet.
             Shot with an arrow by a centaur (9 damage)
             ... on level 5 of the Dungeon.
             The game lasted 00:29:42 (4716 turns).

dranuc9 the Conjurer (Deep Elf Conjurer)            Turns: 4716, Time: 00:29:43

Health: -1/36      AC:  2    Str:  4    XL:     7   Next: 28%
Magic:  16/19      EV: 13    Int: 25    God:    Vehumet [......]
Gold:   143        SH:  0    Dex: 13    Spells: 16/20 levels left

rFire   x . .      SeeInvis .   (no weapon)
rCold   + . .      Faith    .   (no shield)
rNeg    . . .      Spirit   .   a - +0 robe
rPois   .          Reflect  .   (no helmet)
rElec   .          Harm     .   (no cloak)
rCorr   .          Rampage  .   (no gloves)
Will    +....                   (no boots)
Stlth   ++........              (no amulet)
HPRegen 0.12/turn               b - ring of ice
MPRegen 0.16/turn               i - ring of willpower

@: no status effects
A: no striking features
a: Renounce Religion


You were on level 5 of the Dungeon.
You worshipped Vehumet.
Vehumet was noncommittal.
You visited 2 branches of the dungeon, and saw 6 of its levels.

You collected 143 gold pieces.

Inventory:

Hand Weapons
 n - a +1 dagger of chaos
Missiles
 d - 45 arrows
Armour
 a - a +0 robe (worn)
Jewellery
 b - a ring of ice (left hand)
 i - a ring of willpower (right hand)
Wands
 q - a wand of flame (14)
Scrolls
 e - a scroll of fog {unknown}
 f - 2 scrolls of identify {unknown}
 o - a scroll of magic mapping {unknown}
 p - a scroll of teleportation
 r - a scroll of vulnerability {unknown}
Potions
 c - a potion of resistance {unknown}
 g - 2 potions of lignification {unknown}
 h - a potion of haste {unknown}
 j - a potion of curing
 k - a potion of degeneration {unknown}
 l - a potion of flight {unknown}
 m - a potion of brilliance {unknown}


   Skills:
 + Level 4.2 Dodging
 + Level 3.4 Stealth
 + Level 7.0 Spellcasting
 + Level 7.1 Conjurations
 + Level 0.1 Summonings


You had 16 spell levels left.
You knew the following spells:

 Your Spells              Type           Power      Damage    Failure   Level
a - Magic Dart            Conj           100%       1d8       1%          1
b - Searing Ray           Conj           88%        2d7       1%          2
c - Summon Small Mammal   Summ           36%        N/A       6%          1

Your spell library contained the following spells:

 Spells                   Type           Power      Damage    Failure   Level
 Dazzling Flash           Conj/Hex       52%        N/A       4%          3
 Fulminant Prism          Conj/Hex       13%        3d9       16%         4
 Iskenderun's Mystic Bla  Conj/Tloc      26%        2d7       16%         4
 Call Canine Familiar     Summ           9%         N/A       19%         3
 Summon Guardian Golem    Hex/Summ       9%         N/A       19%         3
 Dispersal                Tloc           4%         N/A       100%        6
 Disjunction              Tloc           4%         N/A       100%        8


Dungeon Overview and Level Annotations

Branches:
Dungeon (5/15)             Temple (1/1) D:4

Altars:
Nemelex Xobeh
Vehumet
Xom
Yredelemnul


Message History

A centaur comes into view. It is wielding a +0 rapier.
Casting: Searing Ray (safe; 1% risk of failure)
Confirm with . or Enter, or press ? or * to list all spells.
Aiming: Magic Dart (safe; 1% risk of failure)
Press: ? - help, Shift-Dir - straight line, f - centaur
Aim: a centaur, wielding a +0 rapier and quivering arrows (wandering, hasn't noticed you, 100% to hit)
The magic dart hits the centaur.
The centaur is lightly wounded.
The centaur unwields a +0 rapier.
The centaur wields a +0 shortbow.
The centaur shoots an arrow.
The arrow barely misses you.
Unknown command.
Casting: Magic Dart (safe; 1% risk of failure)
Confirm with . or Enter, or press ? or * to list all spells.
Aiming: Magic Dart (safe; 1% risk of failure)
Press: ? - help, Shift-Dir - straight line, f/p - centaur
Aim: a centaur, wielding a +0 shortbow and quivering arrows (lightly wounded, 100% to hit)
The magic dart hits the centaur.
The centaur is heavily wounded.
The centaur shoots an arrow.
The arrow barely misses you.
The orc shouts!
Casting: Magic Dart (safe; 1% risk of failure)
Confirm with . or Enter, or press ? or * to list all spells.
Aiming: Magic Dart (safe; 1% risk of failure)
Press: ? - help, Shift-Dir - straight line, f/p - centaur
Aim: a centaur, wielding a +0 shortbow and quivering arrows (heavily wounded, 100% to hit)
The magic dart hits the centaur.
The centaur is heavily wounded.
The centaur shoots an arrow.
The arrow hits you!
The centaur shoots an arrow.
The arrow hits you!
Casting: Magic Dart (safe; 1% risk of failure)
Confirm with . or Enter, or press ? or * to list all spells.
Aiming: Magic Dart (safe; 1% risk of failure)
Press: ? - help, Shift-Dir - straight line, f/p - centaur
Aim: a centaur, wielding a +0 shortbow and quivering arrows (heavily wounded, 100% to hit)
The magic dart hits the centaur but does no damage.
The centaur is heavily wounded.
The centaur shoots an arrow.
The arrow hits you!
* * * LOW HITPOINT WARNING * * *
The centaur shoots an arrow.
The arrow hits you!
You die...

.......$..#...c..............###.
.............../...)...........#.
#................................
..... ......##)#................
.###.###....# #.##.#.........[...
## #........# #.#..#....#........
# ###.......# #...##....#..>.†...
...........####................#.
.........#.c....@..............#.
.####....#.......................
.# #...##..##++##...............
.# ....##...# #...............
..#..##.....# #........#...... .
#.........# #.......###..... ..
######.# #...###......... #.#
#..## ......... #. ..## ..


You could see a centaur.

Vanquished Creatures
  2 black bears (D:4)
  A water moccasin skeleton (D:5)
  3 crimson imps (D:3)
  A jelly (D:5)
  A bullfrog skeleton (D:3)
  2 iguanas
  Natasha (twice) (D:2)
  A mummy (D:4)
  3 gnolls (D:5)
  7 adders
  A worm (D:2)
  2 dart slugs (D:3)
  3 orcs
  2 endoplasms (D:1)
  A giant cockroach (D:4)
  3 goblins
  5 hobgoblins
  2 jackals (D:1)
  4 quokkas
  2 ball pythons
  3 bats
  2 frilled lizards
  2 goblin zombies (D:4)
  4 kobolds
  5 rats
64 creatures vanquished.

Vanquished Creatures (collateral kills)
  A kobold (D:1)
1 creature vanquished.

Vanquished Creatures (others)
  2 fungi (D:1)
2 creatures vanquished.

Grand Total: 67 creatures vanquished

Notes
Turn   | Place    | Note
-------+----------+-------------------------------------------
     0 | D:1      | dranuc9 the Deep Elf Conjurer began the quest for the Orb.
     0 | D:1      | Reached XP level 1. HP: 10/10 MP: 6/6
   408 | D:1      | Reached XP level 2. HP: 15/15 MP: 5/8
   554 | D:1      | Learned a level 2 spell: Searing Ray
   557 | D:1      | Learned a level 1 spell: Summon Small Mammal
   886 | D:1      | Found a faded altar of an unknown god.
  1005 | D:2      | Reached skill level 5 in Conjurations
  1111 | D:2      | Reached XP level 3. HP: 19/19 MP: 1/9
  1416 | D:2      | Noticed Natasha
  1421 | D:2      | Killed Natasha
  1422 | D:2      | Reached XP level 4. HP: 24/24 MP: 3/10
  1740 | D:2      | Noticed Natasha
  1747 | D:2      | Killed Natasha
  2031 | D:3      | Found a shimmering altar of Xom.
  2111 | D:3      | Reached XP level 5. HP: 28/28 MP: 7/12
  2686 | D:3      | Found a sparkling altar of Nemelex Xobeh.
  2979 | D:3      | Reached XP level 6. HP: 32/32 MP: 12/15
  3320 | D:4      | Found a sand-covered staircase.
  3701 | D:4      | Reached skill level 5 in Spellcasting
  4062 | D:4      | Found a staircase to the Ecumenical Temple.
  4214 | D:5      | Entered Level 5 of the Dungeon
  4223 | D:5      | Reached XP level 7. HP: 36/36 MP: 14/18
  4381 | Temple   | Entered the Ecumenical Temple
  4389 | Temple   | Became a worshipper of Vehumet
  4716 | D:5      | Shot with an arrow by a centaur

Illustrated notes

Levels and vault maps discovered:
D:1:      dpeg_arrival_another_circle, layout_basic,
          shapermc_ecumenical_altar_acropolis
D:2:      layout_loops_ring, uniq_natasha
D:3:      layout_basic, nemelex_diamond_rough_becter, led_xom_imps, minivault_24
D:4:      layout_loops_ring, temple_hall, nicolae_ossuary_entry_giza
D:5:      layout_cave_pools, general_overflow_altar
Temple:   dpeg_chambers_temple

Skill      XL: |  1  2  3  4  5  6  7 |
---------------+----------------------+-----
Conjurations   | 5 6 7 |  7.1
Dodging        | 3 4 |  4.2
Spellcasting   | 4 6 7 |  7.0
Stealth        | 3 |  3.4
Summonings     | |  0.1

Action                   |  1- 3 |  4- 6 |  7- 9 || total
-------------------------+-------+-------+-------++-------
Melee: Unarmed           |     9 |       |       ||     9
 Cast: Magic Dart        |    41 |    53 |    21 ||   115
       Summon Small Mamm |     2 |       |       ||     2
       Searing Ray       |     4 |    25 |     6 ||    35
  Use: Scroll            |       |     3 |       ||     3
Armor: Robe              |     2 |     2 |     1 ||     5
Dodge: Dodged            |     9 |     9 |     8 ||    26
